 Dungeon Crawl Stone Soup version 0.31-a0-426-g3a05650e59 (webtiles) character file.

Game seed: 9073068909904150827

21 Dirtsage the Changeling (level 2, -1/27 HPs)
             Began as an Octopode Shapeshifter on July 31, 2023.
             Slain by Sigmund
             ... wielding a +0 scythe
              (3 damage)
             ... on level 2 of the Dungeon.
             The game lasted 00:03:02 (766 turns).

Dirtsage the Changeling (Octopode Shapeshifter)      Turns: 766, Time: 00:03:02

Health: -1/27      AC: 21    Str: 14    XL:     2   Next: 87%
Magic:  2/2        EV:  2    Int: 10    God:
Gold:   49         SH:  0    Dex: 12    Spells: 1/1 levels left

rFire   . .          .
                       - Unarmed
rCold   + . .        (no shield)
rNeg    . . .        (helmet currently unavailable)
rPois   +            (no amulet)
rElec   .            I - ring of protection from cold
rCorr   .            (no ring)
SInv    .            (no ring)
Will    .....        (no ring)
Stlth   +            (no ring)
HPRegen 0.24/turn    (no ring)
MPRegen 0.08/turn    (no ring)
                     (no ring)

%: no passive effects
@: tree-form
A: stationary, stasis, torment immunity, boosted hp, almost no armour,
(amphibious), 8 rings, (camouflage 1), (gelatinous body 1), (nimble swimmer 1),
(tentacles)
a: no special abilities


You were on level 2 of the Dungeon.
You were a tree.
You visited 1 branch of the dungeon, and saw 2 of its levels.

You collected 49 gold pieces.

Inventory:

Missiles
 m - a throwing net
Magical Staves
 l - a staff of cold
Jewellery
 I - a ring of protection from cold (left branch)
Talismans
 b - a beast talisman
Scrolls
 d - a scroll of teleportation {unknown}
 e - a scroll of fog {unknown}
 h - a scroll of amnesia {unknown}
 i - a scroll of enchant armour {unknown}
 j - a scroll of revelation {unknown}
 k - a scroll of identify {unknown}
Potions
 c - a potion of haste {unknown}
 f - a potion of attraction {unknown}
 g - a potion of curing {unknown}


   Skills:
 - Level 1.0 Fighting
 - Level 2.0 Dodging
 - Level 3.0 Unarmed Combat
 + Level 3.7 Shapeshifting


You had one spell level left.
You didn't know any spells.
Your spell library contained the following spells:

 Spells                   Type           Power      Damage    Failure   Level
 Foxfire                  Conj/Fire      0%         2x1d4     36%         1
 Sandblast                Erth           0%         2d4       36%         1
 Lesser Beckoning         Tloc           0%         N/A       50%         2
 Passwall                 Tmut/Erth      0%         N/A       50%         2
 Gell's Gravitas          Tloc           0%         N/A       75%         3
 Stone Arrow              Conj/Erth      0%         3d7       75%         3
 Teleport Other           Tloc           0%         N/A       75%         3
 Summon Lightning Spire   Summ/Air       0%         N/A       98%         4
 Lee's Rapid Deconstruct  Erth           0%         3d4*      100%        5
 Plasma Beam              Fire/Air       0%         2x1d10    100%        6
 Starburst                Conj/Fire      0%         6d3       100%        6
 Animate Armour           Summ/Erth      Unusable   N/A       N/A         4

Dungeon Overview and Level Annotations

Branches:
Dungeon (2/15)

Altars:

Annotations:
D:2 Sigmund


Innate Abilities, Weirdness & Mutations

You are a tree.
Your roots penetrate the ground, keeping you stationary.
You cannot be teleported.
You are immune to unholy pain and torment.
Your maximum health is greatly increased.
You cannot wear most types of armour.
((You are amphibious.))
You can wear up to eight rings at the same time.
((Your skin changes colour to match your surroundings (Stealth+).))
((Your rubbery body absorbs attacks. (AC +1, EV +1)))
((You are camouflaged when in or above water. (Stealth+)))
((You have tentacles for arms and can constrict up to eight enemies at once.))


Message History

No target in view!
m - a throwing net Sigmund the Dreaded comes into view.
He is wielding a +0 scythe and wearing a +2 robe of fire resistance.
You see here a scarf of resistance.
Okay, then.
Okay, then.
Sigmund shouts!
Sigmund mumbles some strange words.
Sigmund flickers and vanishes!
Deactivating autopickup; reactivate with Ctrl-A.
A puff of flame appears from out of thin air!
The puff of flame hits you.
You take 4 damage, and have 14/18 hp.
MASSIVE DAMAGE!!
Sigmund gestures at you while chanting. The puff of flame misses you.
Sigmund hits you with a +0 scythe!
Ouch! That really hurt!
You take 10 damage, and have 6/18 hp.
MASSIVE DAMAGE!!
Really quaff the potion of lignification?
Your transformation has ended.
You turn into a tree.
Your roots penetrate the ground.
Sigmund hits you but does no damage.
You now have 10/27 hp.
You hit Sigmund.
Sigmund is lightly wounded.
You closely miss Sigmund.
Sigmund is lightly wounded.
Sigmund gestures at you while chanting. The puff of flame misses you.
You closely miss Sigmund.
Sigmund is lightly wounded.
Sigmund hits you with a +0 scythe!
* * * LOW HITPOINT WARNING * * *
You take 9 damage, and have 2/27 hp.
MASSIVE DAMAGE!!
You hit Sigmund.
Sigmund is lightly wounded.
You smack Sigmund!
Sigmund is heavily wounded.
Sigmund hits you with a +0 scythe.
You die...

#.#.# ###.##.#
#.#.#######.##.#
#.......(...##.#
#...##########.#
#######...# #.# ..
..........# #{# .#
########..#######
.# .# #@........
.# #♣######## .#
#.# # .# #.# ##.#
#.# ...# #.#
################.#
#####............#
......############
#######


You could see Sigmund.

Vanquished Creatures
  2 endoplasms (D:1)
  A giant cockroach (D:2)
  A goblin (D:1)
  2 hobgoblins
  2 kobolds (D:1)
  3 quokkas (D:1)
  A ball python (D:2)
  4 bats (D:1)
  3 frilled lizards
  A rat (D:1)
20 creatures vanquished.

Notes
Turn   | Place    | Note
-------+----------+-------------------------------------------
     0 | D:1      | Dirtsage the Octopode Shapeshifter began the quest for the
                  | Orb.
     0 | D:1      | Reached XP level 1. HP: 13/13 MP: 1/1
   174 | D:1      | Reached XP level 2. HP: 8/18 MP: 2/2
   724 | D:2      | Noticed Sigmund
   766 | D:2      | Slain by Sigmund

Illustrated notes

Levels and vault maps discovered:
D:1:      sevenhm_arrival_forest_fort_large_4, layout_basic,
          palyth_stone_intersect
D:2:      minmay_chambers_of_twos, layout_loops_ring, uniq_sigmund, uniq_jessica

Action                     || total
---------------------------++-------
  Melee: Unarmed           ||    44
         Constrict         ||     8
         Punch             ||     1
         Tentacles         ||     3
    Use: Potion            ||     1
   Stab: Sleeping          ||     6
 Armour: Skin              ||     7
  Dodge: Dodged            ||    27

Table legend: (Time is in decaauts)
 A = Elapsed time spent in this place.
 B = Non-inter-level travel time spent in this place.
 C = Inter-level travel time spent in this place.
 D = Time resting spent in this place.
 E = Time spent auto-exploring this place.
 F = Levels seen in this place.
 G = Mean time per level.
                   A        B        C        D        E       F      G
               +--------+--------+--------+--------+--------+-----+--------+
         Total |    762 |    760 |      2 |      0 |    578 |   2 |  381.0 |
       Dungeon |    762 |    760 |      2 |      0 |    578 |   2 |  381.0 |
               +--------+--------+--------+--------+--------+-----+--------+

Top non-repeatable levels by time:
     D:1: 542 daAuts
     D:2: 219 daAuts
